 Dungeon Crawl Stone Soup version 0.31-a0-232-gb1c03b2570 (webtiles) character file.

Game seed: 15864961584723175175

23 qw the Shooter (level 2, -1/17 HPs)
             Began as a Gargoyle Hexslinger on July 7, 2023.
             Slain by a worm (7 damage)
             ... on level 1 of the Dungeon.
             The game lasted 00:00:18 (611 turns).

qw the Shooter (Gargoyle Hexslinger)                 Turns: 611, Time: 00:00:18

Health: -1/17      AC:  7    Str: 11    XL:     2   Next: 95%
Magic:  3/3        EV: 10    Int: 13    God:
Gold:   8          SH:  0    Dex: 12    Spells: 2/3 levels left

rFire   . . .        Y - +1 sling
rCold   . . .        (no shield)
rNeg    + . .        g - +0 ring mail
rPois   inf          (no helmet)
rElec   +            (no cloak)
rCorr   .            (no gloves)
SInv    .            (no boots)
Will    .....        (no amulet)
Stlth   +            (no ring)
HPRegen 0.22/turn    (no ring)
MPRegen 0.08/turn

%: no passive effects
@: no status effects
A: sickness immunity, AC +2, negative energy resistance 1, electricity
resistance, torment resistance 1, petrification resistance
a: no special abilities


You were on level 1 of the Dungeon.
You visited 1 branch of the dungeon, and saw 2 of its levels.

You collected 8 gold pieces.


Innate Abilities, Weirdness & Mutations

You are immune to sickness and miasma.
Your stone body is resilient. (AC +2)
You are immune to poison.
You resist negative energy. (rN+)
You are resistant to electric shocks. (rElec)
You are resistant to unholy torment.
You are immune to petrification.


   Skills:
 + Level 1.9 Fighting
 - Level 3.0 Ranged Weapons
 - Level 1.5 Dodging
 - Level 1.0 Spellcasting
 - Level 2.6 Hexes


You had 2 spell levels left.
You knew the following spells:

 Your Spells              Type           Power      Damage    Failure   Level
a - Slow                  Hex            28%        N/A       22%         1

Your spell library contained the following spells:

 Spells                   Type           Power      Damage    Failure   Level
 Inner Flame              Hex/Fire       4%         N/A       75%         3
 Portal Projectile        Hex/Tloc       8%         N/A       75%         3
 Cause Fear               Hex            3%         N/A       92%         4

Inventory:

Hand Weapons
 Y - a +1 sling (weapon)
Armour
 g - a +0 ring mail (worn)
Scrolls
 a - a scroll of identify
Potions
 d - a potion of enlightenment {unknown}
 e - a potion of degeneration {unknown}
 i - a potion of haste

Dungeon Overview and Level Annotations

Branches:
Dungeon (2/15)

Altars:

Shops:
D:1 =


Message History

You shoot a sling bullet. The sling bullet hits the jackal.
You kill the jackal!
The worm bites you but does no damage.
You shoot a sling bullet.
The sling bullet hits the jackal but does no damage.
The jackal is heavily wounded.
Your extra speed is starting to run out.
The jackal barely misses you. The jackal closely misses you.
The worm closely misses you.
You shoot a sling bullet.
The sling bullet closely misses the jackal.
The jackal bites you but does no damage.
You shoot a sling bullet. The sling bullet hits the jackal!
You kill the jackal!
The worm bites you.
You shoot a sling bullet.
The sling bullet completely misses the worm.
The sling bullet closely misses the jackal.
You shoot a sling bullet.
The sling bullet hits the worm but does no damage.
The worm bites you.
You shoot a sling bullet. The sling bullet hits the worm.
The worm is moderately wounded.
You shoot a sling bullet.
The sling bullet hits the worm but does no damage.
The worm is moderately wounded.
The worm bites you but does no damage.
You shoot a sling bullet. The sling bullet hits the worm.
The worm is heavily wounded.
The worm bites you but does no damage.
You shoot a sling bullet. The sling bullet hits the worm.
The worm is severely wounded.
The worm barely misses you.
You shoot a sling bullet. The sling bullet hits the worm.
The worm is almost dead.
You shoot a sling bullet.
The sling bullet barely misses the worm.
The sling bullet hits the jackal but does no damage.
The worm bites you!
You die...

...........## #.# #.#
#.##### ..#######...###.#
#.######.# #
..###...........#
#...>....# #
......###...#####
########## # ..#####
##.## # ..#### #.# #
)....#####.###
..##.........############
..............hw@%......#
......(....#.##########.#
#.##########.# #.# #.#
#.# #.# ..# #.# #.# ##
### #.# #.# #. #.# #.# #.
#.# ##.## #. #.# ##...##
#.


You could see a worm and a jackal.

Vanquished Creatures
  A dart slug (D:1)
  4 endoplasms (D:1)
  3 goblins (D:1)
  2 jackals (D:1)
  2 kobolds (D:1)
  A quokka (D:1)
  A ball python (D:1)
  2 bats (D:1)
  A frilled lizard (D:1)
  A rat (D:1)
18 creatures vanquished.

Notes
Turn   | Place    | Note
-------+----------+-------------------------------------------
     0 | D:1      | qw the Gargoyle Hexslinger began the quest for the Orb.
     0 | D:1      | Reached XP level 1. HP: 12/12 MP: 2/2
     0 | D:1      | 0 ||| qw: Version: 0.3-a-46-gb1f654a
     0 | D:1      | 0 ||| qw: Game counter: 2578
     0 | D:1      | 0 ||| qw: Melee chars always use a shield: true
     0 | D:1      | 0 ||| qw: God list: Okawaru
     0 | D:1      | 0 ||| qw: Allow faded altars: false
     0 | D:1      | 0 ||| qw: Do Orc after clearing Dungeon:15 true
     0 | D:1      | 0 ||| qw: Do second Lair branch before Depths: true
     0 | D:1      | 0 ||| qw: Lair rune preference: random
     0 | D:1      | 0 ||| qw: Goals: Normal
     0 | D:1      | 0 ||| PLANNING D:1-11
    57 | D:1      | Found Xooseat's Jewellery Shop.
    65 | D:1      | 65 ||| SHOPLISTING +4 ring of protection (468 gold, have
                  | 0).
    65 | D:1      | 65 ||| SHOPLISTING +6 ring of dexterity (468 gold, have 0).
    65 | D:1      | 65 ||| SHOPLISTING amulet of reflection (390 gold, have 0).
    65 | D:1      | 65 ||| SHOPLISTING ring "Eceph" {Slay+4 SInv} (1159 gold,
                  | have 0).
    65 | D:1      | 65 ||| SHOPLISTING ring of ice (325 gold, have 0).
    65 | D:1      | 65 ||| SHOPLISTING ring of protection from cold (325 gold,
                  | have 0).
    65 | D:1      | 65 ||| SHOPLISTING ring of resist corrosion (260 gold, have
                  | 0).
   159 | D:1      | Reached XP level 2. HP: 16/16 MP: 3/3
   256 | D:1      | Reached skill level 3 in Ranged Weapons
   544 | D:1      | 544 ||| UPGRADING to +0 ring mail.
   554 | D:1      | 554 ||| DROPPING +0 robe.
   555 | D:1      | 555 ||| READING 2 scrolls labelled DAXTA SANUEB.
   556 | D:1      | 556 ||| READING 2 scrolls labelled DISCHESHR BEATOODE.
   557 | D:1      | 557 ||| DRINKING 2 coppery potions.
   558 | D:1      | 558 ||| DROPPING scroll of poison.
   559 | D:1      | 559 ||| DROPPING scroll of fog.
   594 | D:2      | 594 ||| STAIRDANCE
   605 | D:1      | HP: 4/17 [worm (1)]
   611 | D:1      | Slain by a worm

Levels and vault maps discovered:
D:1:      dpeg_arrival_windows_large_door, layout_loops_ring, serial_shops,
          nicolae_shop_trees
D:2:      layout_loops_ring, hangedman_decor_peaks_small, grunt_decor_cap,
          feat_on_display, uniq_jessica

Skill      XL: |  1  2 |
---------------+-------+-----
Ranged Weapons | 3 |  3.0
Fighting       | |  1.9
Dodging        | |  1.5
Spellcasting   | |  1.0
Hexes          | |  2.6

Action                     || total
---------------------------++-------
   Fire: Sling             ||    71
    Use: Scroll            ||     2
         Potion            ||     1
 Armour: Ring mail         ||    11
  Dodge: Dodged            ||    21

Table legend:
 A = Non-vault XP
 B = Vault XP
 C = Vault XP percentage of total XP
 D = Non-vault monster count
 E = Vault monster count
 F = Vault count percentage of total count
                 A         B        C        D         E       F
            +---------+---------+-------+---------+---------+-------
      Total |      33 |       0 |   0.0 |      18 |       0 |   0.0
            +---------+---------+-------+---------+---------+-------
        D:1 |      33 |       0 |   0.0 |      18 |       0 |   0.0
            +---------+---------+-------+---------+---------+-------
